[Event "ICC tourney 2548 (75 10)"]
[Site "Internet Chess Club"]
[Date "2021.05.02"]
[Round "4"]
[White "QUIRKE, JEFFREY L:PawnEatingZombi"]
[Black "AHMED, SYED IBRAHIM:mr-sosa"]
[Result "1/2-1/2"]
[ICCResult "Game drawn by mutual agreement"]
[WhiteElo "2185"]
[BlackElo "2086"]
[Opening "QGD semi-Slav: Stoltz variation"]
[ECO "D45"]
[NIC "SL.08"]
[Time "11:02:00"]
[PlyCount "71"]
[TimeControl "4500+10"]

1. d4 d5 2. c4 c6 3. Nc3 Nf6 4. e3 e6 5. Nf3 Nbd7 6. Qc2 Bd6 7. Bd3 O-O 8.
O-O dxc4 9. Bxc4 b5 10. Be2 Bb7 11. e4 e5 12. dxe5 Nxe5 13. Nh4 g6 14. f4
Bc5+ 15. Kh1 Neg4 16. e5 Nf2+ 17. Rxf2 Bxf2 18. Nf3 Nd5 19. f5 Ne3 20. Qb3
Nxf5 21. Bg5 Nd4 22. Qd1 Qb6 23. Ne4 Nxf3 24. Bxf3 Be3 25. Bf6 Bh6 26. Nd6
Bg7 27. Qc1 Rab8 28. Qf4 c5 29. Bxb7 Rxb7 30. Nxb7 Qxb7 31. Rd1 Qa6 32. a3
Re8 33. h3 Qb7 34. Bxg7 Kxg7 35. Qf6+ Kg8 36. Rd8 { Game drawn by mutual
agreement } 1/2-1/2

[Event "ICC tourney 2548 (75 10)"]
[Site "Internet Chess Club"]
[Date "2021.05.02"]
[Round "4"]
[White "VAKHIDOV, JAKHONGIR:TjkTiger"]
[Black "PACIORKOWSKI, LEV:paciorkowski"]
[Result "1-0"]
[ICCResult "Black resigns"]
[WhiteElo "2602"]
[BlackElo "2482"]
[Opening "English: four knights, Nimzovich variation"]
[ECO "A28"]
[NIC "EO.09"]
[Time "11:02:20"]
[PlyCount "109"]
[TimeControl "4500+10"]

1. c4 e5 2. Nc3 Nf6 3. Nf3 Nc6 4. e4 Bc5 5. Nxe5 O-O 6. Nf3 Re8 7. d3 d5 8.
cxd5 Nxd5 9. Be2 Nde7 10. O-O Nd4 11. Nxd4 Bxd4 12. Kh1 Be6 13. f4 f5 14.
Bf3 c5 15. Ne2 Nc6 16. Ng3 Qf6 17. exf5 Bxf5 18. Nxf5 Qxf5 19. Be4 Qf7 20.
Bd2 Bxb2 21. Rb1 Bd4 22. Qb3 Qxb3 23. Rxb3 Rab8 24. Rfb1 Nd8 25. Ra3 Nc6
26. g3 Kf8 27. Bc3 h6 28. Kg2 Bxc3 29. Rxc3 Ke7 30. Rxc5 Kd6 31. Rcb5 Re7
32. h4 Kc7 33. a4 a6 34. Rb6 Na5 35. Kh3 Rd8 36. f5 Rd6 37. Rxd6 Kxd6 38.
Rb6+ Kc5 39. Rg6 Kb4 40. g4 Rf7 41. g5 hxg5 42. hxg5 Kxa4 43. f6 gxf6 44.
gxf6 Nc6 45. Bxc6+ bxc6 46. Kg4 Kb3 47. Kf5 a5 48. Ke6 Rf8 49. Ke7 Rc8 50.
f7 a4 51. f8=Q Rxf8 52. Kxf8 c5 53. Rc6 Kb4 54. Ke7 a3 55. Kd6 { Black
resigns } 1-0

[Event "ICC tourney 2548 (75 10)"]
[Site "Internet Chess Club"]
[Date "2021.05.02"]
[Round "4"]
[White "MAITI, MILIND:milindm"]
[Black "LI, ERIC YUHAN:funplaychess"]
[Result "1/2-1/2"]
[ICCResult "Game drawn by repetition"]
[WhiteElo "2247"]
[BlackElo "2277"]
[Opening "Nimzo-Indian: Sämisch, Keres variation"]
[ECO "E25"]
[NIC "NI.30"]
[Time "11:02:05"]
[PlyCount "148"]
[TimeControl "4500+10"]

1. d4 Nf6 2. c4 e6 3. Nc3 Bb4 4. f3 d5 5. a3 Bxc3+ 6. bxc3 c5 7. cxd5 Nxd5
8. dxc5 Qa5 9. e4 Ne7 10. Be3 O-O 11. Qb3 Qc7 12. Bb5 Nbc6 13. Ne2 Bd7 14.
O-O Rac8 15. Rab1 e5 16. Nd4 exd4 17. cxd4 Na5 18. Qa4 Bxb5 19. Rxb5 b6 20.
d5 Nb7 21. Qxa7 Nxd5 22. exd5 Qe5 23. Bf2 Nxc5 24. Qxb6 Nd3 25. Qe3 Qc3 26.
Rd1 Nxf2 27. Qxf2 Qxa3 28. d6 Rc1 29. Rd5 Qb3 30. Rxc1 Qxd5 31. Qb6 Re8 32.
h3 Qd2 33. Rc4 h5 34. Rd4 Qe1+ 35. Kh2 h4 36. Rg4 f5 37. d7 fxg4 38.
dxe8=Q+ Qxe8 39. hxg4 Qe5+ 40. Kh1 Qe1+ 41. Qg1 Qg3 42. Qf1 Kh8 43. Qe2 Kh7
44. Qe4+ Kh6 45. Qe6+ Kh7 46. Qf5+ Kg8 47. Qe4 Kf8 48. Qe2 Kg8 49. Kg1 g5
50. Qe3 Kf7 51. Qe4 Kg7 52. Qe7+ Kg6 53. Qe8+ Kg7 54. Qd7+ Kg8 55. Qd5+ Kf8
56. Qd8+ Kf7 57. Qd7+ Kf8 58. Qf5+ Ke8 59. Qg6+ Kf8 60. Qh6+ Kf7 61. Qh7+
Kf8 62. Qf5+ Ke8 63. Qe6+ Kf8 64. Qf6+ Ke8 65. Qh8+ Kf7 66. Qh7+ Kf8 67.
Qe4 Kg7 68. Qe7+ Kg6 69. Qe6+ Kg7 70. Qe3 Kg6 71. Qd3+ Kg7 72. Qd4+ Kf7 73.
Qd5+ Kf8 74. Qf5+ Ke8 { Game drawn by repetition } 1/2-1/2

[Event "ICC tourney 2548 (75 10)"]
[Site "Internet Chess Club"]
[Date "2021.05.02"]
[Round "4"]
[White "KRISHNAKUMAR, SRIRAM:sriramk"]
[Black "JORAJURIA MENDOZA, ALGOL:AJM04"]
[Result "0-1"]
[ICCResult "White resigns"]
[WhiteElo "2149"]
[BlackElo "2050"]
[Opening "Sicilian: Pelikan, Chelyabinsk variation"]
[ECO "B33"]
[NIC "SI.37"]
[Time "11:02:21"]
[PlyCount "106"]
[TimeControl "4500+10"]

1. e4 c5 2. Nf3 Nc6 3. d4 cxd4 4. Nxd4 Nf6 5. Nc3 e5 6. Ndb5 d6 7. Bg5 a6
8. Na3 b5 9. Nd5 Be7 10. Bxf6 Bxf6 11. c3 O-O 12. Nc2 Rb8 13. Be2 Bg5 14.
Nce3 g6 15. O-O Kh8 16. Kh1 f5 17. exf5 gxf5 18. f4 Bh6 19. Bf3 a5 20. a3
Be6 21. Qd2 b4 22. axb4 axb4 23. Rfd1 bxc3 24. bxc3 Na5 25. Qe1 e4 26. Be2
Bg7 27. Rab1 Nb3 28. Bc4 Nc5 29. h3 Qd7 30. Qh4 Qf7 31. Kh2 Rxb1 32. Rxb1
Nd3 33. Rb6 Nxf4 34. Nxf4 Bxc4 35. Nxc4 Qxc4 36. Ng6+ Kg8 37. Nxf8 Be5+ 38.
Kg1 Qc5+ 39. Qf2 e3 40. Qa2+ Kh8 41. Rb1 e2+ 42. Kh1 Qf2 43. Qa1 Qg3 44.
Ng6+ hxg6 45. Kg1 Qe3+ 46. Kh1 Bxc3 47. Qa8+ Kg7 48. Rb7+ Kh6 49. Qf8+ Kg5
50. Qd8+ Bf6 51. h4+ Kh5 52. g4+ Kxg4 53. Rb4+ Kh3 { White resigns } 0-1

[Event "ICC tourney 2548 (75 10)"]
[Site "Internet Chess Club"]
[Date "2021.05.02"]
[Round "4"]
[White "MYSORE, ABHINAV NAVEEN:Mapking1"]
[Black "WOFFORD, MATTHEW:hoshibosh"]
[Result "1-0"]
[ICCResult "Black checkmated"]
[WhiteElo "2011"]
[BlackElo "2155"]
[Opening "Sicilian: Najdorf, Byrne (English) attack"]
[ECO "B90"]
[NIC "SI.14"]
[Time "11:02:21"]
[PlyCount "143"]
[TimeControl "4500+10"]

1. e4 c5 2. Nf3 d6 3. d4 cxd4 4. Nxd4 Nf6 5. Nc3 a6 6. Be3 e5 7. Nb3 Be7 8.
f3 h5 9. Qd2 Be6 10. O-O-O Qc7 11. Kb1 Nbd7 12. Nd5 Bxd5 13. exd5 O-O 14.
Be2 Rfc8 15. Rhe1 b5 16. Qa5 Qxc2+ 17. Ka1 Qc7 18. Qxc7 Rxc7 19. g4 Nf8 20.
g5 N6h7 21. Rg1 Rc2 22. Rd2 Rac8 23. Kb1 Rxd2 24. Bxd2 Bd8 25. f4 Bb6 26.
Rc1 Rxc1+ 27. Kxc1 Ng6 28. fxe5 dxe5 29. Bxh5 Nf4 30. Bxf4 exf4 31. g6 Nf6
32. gxf7+ Kf8 33. Bf3 g5 34. h3 Kxf7 35. Kc2 Kg6 36. Kd3 g4 37. hxg4 Kg5
38. d6 Nxg4 39. Ke4 Nf2+ 40. Kd5 Nd3 41. Kc6 Bd8 42. Kb7 Kh4 43. Kxa6 Kg3
44. Be2 Nxb2 45. Bxb5 f3 46. a4 Kf2 47. Kb7 Ke3 48. Kc8 Bf6 49. a5 Nd3 50.
Bc6 f2 51. Bg2 Nb4 52. Bf1 Nc6 53. a6 Kf3 54. Kc7 Na7 55. Kb7 Kg3 56. Kxa7
Kf4 57. d7 Ke5 58. Kb7 Kd6 59. Kc8 Kc6 60. d8=Q Bxd8 61. Kxd8 Kb6 62. Nc5
Ka7 63. Ne4 Kb6 64. Nxf2 Ka7 65. Nd1 Kb6 66. Nc3 Ka7 67. Kc7 Ka8 68. Na4
Ka7 69. Be2 Ka8 70. Nb6+ Ka7 71. Nc8+ Ka8 72. Bf3# { Black checkmated } 1-0

[Event "ICC tourney 2548 (75 10)"]
[Site "Internet Chess Club"]
[Date "2021.05.02"]
[Round "5"]
[White "VAKHIDOV, JAKHONGIR:TjkTiger"]
[Black "Volkov, Sergey:Volkov"]
[Result "1-0"]
[ICCResult "Black resigns"]
[WhiteElo "2602"]
[BlackElo "2607"]
[Opening "English: Caro-Kann defensive system"]
[ECO "A11"]
[NIC "EO.64"]
[Time "14:33:10"]
[PlyCount "37"]
[TimeControl "4500+10"]

1. c4 c6 2. Nc3 d5 3. d4 Nf6 4. cxd5 cxd5 5. Bf4 Nc6 6. e3 Bf5 7. Nf3 e6 8.
Be2 a6 9. Qb3 Ra7 10. Ne5 Nxe5 11. Bxe5 Nd7 12. O-O Qb6 13. Rfc1 Ra8 14.
Nb5 axb5 15. Bxb5 Qa5 16. Bxd7+ Kxd7 17. Qxb7+ Ke8 18. Rc7 Ba3 19. bxa3 {
Black resigns } 1-0

[Event "ICC tourney 2548 (75 10)"]
[Site "Internet Chess Club"]
[Date "2021.05.02"]
[Round "5"]
[White "CHEUNG, RYAN:H2ODerp"]
[Black "REMPE, JONAS JAKOB RAZA:Drachekokosnuss"]
[Result "1-0"]
[ICCResult "Black resigns"]
[WhiteElo "2069"]
[BlackElo "2100"]
[Opening "Two knights defense"]
[ECO "C56"]
[NIC "KP.02"]
[Time "14:32:16"]
[PlyCount "40"]
[TimeControl "4500+10"]

1. e4 e5 2. Nf3 Nc6 3. d4 exd4 4. Bc4 Nf6 5. O-O Nxe4 6. Re1 d5 7. Bxd5
Qxd5 8. Nc3 Qh5 9. Nxe4 Be6 10. Bg5 Bd6 11. Nxd6+ cxd6 12. Bf4 Qd5 13. c3
Qf5 14. Bg3 O-O-O 15. Nxd4 Qf6 16. Nb5 d5 17. Qa4 a6 18. Nd6+ Rxd6 19. Bxd6
h5 20. Qf4 Bf5 { Black resigns } 1-0

[Event "ICC tourney 2548 (75 10)"]
[Site "Internet Chess Club"]
[Date "2021.05.02"]
[Round "5"]
[White "WOFFORD, MATTHEW:hoshibosh"]
[Black "EHSANI, YASSAMIN:Blue-Elephant1"]
[Result "1-0"]
[ICCResult "Black resigns"]
[WhiteElo "2155"]
[BlackElo "2095"]
[Opening "Sicilian: Kan, 5.Nc3"]
[ECO "B43"]
[NIC "SI.41"]
[Time "14:32:24"]
[PlyCount "43"]
[TimeControl "4500+10"]

1. e4 c5 2. Nf3 e6 3. d4 cxd4 4. Nxd4 a6 5. Nc3 Qc7 6. Bd3 Nf6 7. O-O b5 8.
a3 Bb7 9. Qe2 d6 10. Be3 Nbd7 11. Rae1 Be7 12. f4 O-O 13. Kh1 Rfe8 14. Bg1
e5 15. Nf5 Bf8 16. fxe5 Nxe5 17. Bd4 g6 18. Ne3 Bg7 19. Rxf6 Bxf6 20. Ned5
Bxd5 21. Nxd5 Qd8 22. Bb6 { Black resigns } 1-0

[Event "ICC tourney 2548 (75 10)"]
[Site "Internet Chess Club"]
[Date "2021.05.02"]
[Round "5"]
[White "OTAWA, YUTO:hidedozyo"]
[Black "TURCOTTE,JONATHAN:JonnyTurgi"]
[Result "1-0"]
[ICCResult "Black resigns"]
[WhiteElo "2344"]
[BlackElo "2100"]
[Opening "QGD Slav defense: exchange variation"]
[ECO "D10"]
[NIC "SL.01"]
[Time "14:32:14"]
[PlyCount "43"]
[TimeControl "4500+10"]

1. d4 d5 2. c4 c6 3. cxd5 cxd5 4. Bf4 Nc6 5. e3 Nf6 6. Nc3 Bf5 7. Qb3 Na5
8. Qa4+ Bd7 9. Qc2 e6 10. Bd3 Rc8 11. Nf3 Bb4 12. O-O Nc4 13. Rfc1 O-O 14.
Ne5 Nxe5 15. Bxe5 h6 16. Qb3 Qa5 17. a3 Bxc3 18. bxc3 Bc6 19. a4 Nd7 20.
Bg3 Nb6 21. Bd6 Bxa4 22. Qa3 { Black resigns } 1-0

[Event "ICC tourney 2548 (75 10)"]
[Site "Internet Chess Club"]
[Date "2021.05.02"]
[Round "5"]
[White "HU, ALEXANDER C:ahu1015"]
[Black "JORAJURIA MENDOZA, ALGOL:AJM04"]
[Result "1/2-1/2"]
[ICCResult "Game drawn by mutual agreement"]
[WhiteElo "2023"]
[BlackElo "2050"]
[Opening "Sicilian: Pelikan (Lasker/Sveshnikov) variation"]
[ECO "B33"]
[NIC "SI.35"]
[Time "14:32:22"]
[PlyCount "52"]
[TimeControl "4500+10"]

1. e4 c5 2. Nf3 Nc6 3. d4 cxd4 4. Nxd4 Nf6 5. Nc3 e5 6. Ndb5 d6 7. Nd5 Nxd5
8. exd5 Nb8 9. a4 Be7 10. Be2 O-O 11. O-O Nd7 12. Be3 a6 13. Na3 f5 14. f4
exf4 15. Bxf4 Qb6+ 16. Kh1 Qxb2 17. Nc4 Qf6 18. Qe1 Nc5 19. Bd3 Bd7 20. Qg3
Rad8 21. Nxd6 Nxd3 22. cxd3 Bxd6 23. Bxd6 Rfe8 24. Rfe1 Qf7 25. Bc7 Rxe1+
26. Rxe1 Re8 { Game drawn by mutual agreement } 1/2-1/2

[Event "ICC tourney 2548 (75 10)"]
[Site "Internet Chess Club"]
[Date "2021.05.02"]
[Round "5"]
[White "LI, ERIC YUHAN:funplaychess"]
[Black "LEVINE, JOSEPH:e4betterthand4"]
[Result "1/2-1/2"]
[ICCResult "Game drawn by repetition"]
[WhiteElo "2277"]
[BlackElo "2149"]
[Opening "QGD: exchange, positional line, 5...c6"]
[ECO "D35"]
[NIC "QO.16"]
[Time "14:32:32"]
[PlyCount "66"]
[TimeControl "4500+10"]

1. d4 d5 2. c4 e6 3. Nc3 Nf6 4. cxd5 exd5 5. Bg5 c6 6. e3 Bd6 7. Bd3 O-O 8.
Nf3 Re8 9. O-O Nbd7 10. Qa4 Nf8 11. Bxf6 Qxf6 12. Nxd5 Qh6 13. Nc3 Ng6 14.
Ne4 Bc7 15. Ng3 Bg4 16. Be2 Be6 17. Rfc1 Bd5 18. Qd1 Nh4 19. b4 f5 20. Nxh4
Qxh4 21. Bc4 Bxc4 22. Rxc4 f4 23. exf4 Qxf4 24. Rac1 Bb6 25. a4 Rad8 26.
Ne2 Qe4 27. Kf1 a6 28. R1c3 Rf8 29. Qd3 Qh4 30. Qg3 Qe4 31. Qd3 Qh4 32. Qg3
Qe4 33. Qd3 Qh4 { Game drawn by repetition } 1/2-1/2

[Event "ICC tourney 2548 (75 10)"]
[Site "Internet Chess Club"]
[Date "2021.05.02"]
[Round "5"]
[White "HU, MERRIC:edmehu"]
[Black "DENG, HENRY:SuperPuzzler"]
[Result "1/2-1/2"]
[ICCResult "Game drawn by repetition"]
[WhiteElo "2169"]
[BlackElo "2076"]
[Opening "Giuoco Piano"]
[ECO "C50"]
[NIC "IG.02"]
[Time "14:33:04"]
[PlyCount "93"]
[TimeControl "4500+10"]

1. e4 e5 2. Nf3 Nc6 3. Bc4 Bc5 4. O-O Nf6 5. d3 d6 6. c3 h6 7. a4 a6 8. d4
Ba7 9. dxe5 Nxe5 10. Nxe5 dxe5 11. Qe2 O-O 12. Be3 Bxe3 13. Qxe3 Qe7 14.
Nd2 Rd8 15. Nf3 Ng4 16. Qe2 Be6 17. h3 Nf6 18. Rfe1 Bd7 19. b4 Bc6 20. Bd3
Nh5 21. g3 Bd7 22. Kh2 Bxh3 23. Kxh3 Qd7+ 24. Kg2 Qxd3 25. Nxe5 Qxe2 26.
Rxe2 Nf6 27. f3 Rd6 28. Kf2 Re8 29. f4 Nd7 30. Nxd7 Rxd7 31. Rae1 f6 32.
Kf3 Kf7 33. Ke3 Red8 34. Kf3 Ke6 35. Kg4 Rd3 36. Re3 Rd2 37. e5 f5+ 38. Kf3
b6 39. g4 Rh2 40. gxf5+ Kxf5 41. Kg3 Rdd2 42. e6 Rhg2+ 43. Kh3 Rh2+ 44. Kg3
Rhg2+ 45. Kh3 Rh2+ 46. Kg3 Rhg2+ 47. Kh3 { Game drawn by repetition }
1/2-1/2

[Event "ICC tourney 2548 (75 10)"]
[Site "Internet Chess Club"]
[Date "2021.05.02"]
[Round "5"]
[White "BELOUS, VLADIMIR:Openyagami"]
[Black "HO, COOPER:arsenicblast"]
[Result "1/2-1/2"]
[ICCResult "Game drawn by repetition"]
[WhiteElo "2602"]
[BlackElo "1951"]
[Opening "Réti: King's Indian attack (Barcza system)"]
[ECO "A07"]
[NIC "QP.09"]
[Time "14:32:34"]
[PlyCount "110"]
[TimeControl "4500+10"]

1. Nf3 d5 2. g3 Nf6 3. Bg2 g6 4. c4 c6 5. Qa4 Bg7 6. cxd5 Nxd5 7. d4 Nb6 8.
Qa3 O-O 9. O-O Bg4 10. Bg5 Re8 11. Rd1 h6 12. Be3 e5 13. Qb3 Bxf3 14. Bxf3
e4 15. Bg2 Qd5 16. Nc3 Qxb3 17. axb3 f5 18. g4 Nd5 19. Nxd5 cxd5 20. gxf5
gxf5 21. Ra5 Rd8 22. Rb5 Nc6 23. Rxb7 Rab8 24. Rc7 Rdc8 25. Rxc8+ Rxc8 26.
Rc1 Kf7 27. f3 Ne7 28. Rxc8 Nxc8 29. Bf2 Ne7 30. e3 Nc6 31. fxe4 fxe4 32.
Be1 Bf8 33. Bf1 Nb4 34. Bg3 Nc2 35. Bf4 Na1 36. b4 Bxb4 37. Bxh6 Nb3 38.
Bb5 Bd2 39. Bc6 Ke6 40. Bb7 Nxd4 41. Bc8+ Kf6 42. Kf2 Bc1 43. h4 Nf3 44. b4
Nxh4 45. Bf8 Ba3 46. Bc5 Nf5 47. Bxf5 Kxf5 48. Bxa7 Bxb4 49. Ke2 Ke5 50.
Bd4+ Kf5 51. Ba7 Ke5 52. Bd4+ Kf5 53. Ba7 Ke5 54. Bd4+ Kf5 55. Ba7 Ke5 {
Game drawn by repetition } 1/2-1/2

[Event "ICC tourney 2548 (75 10)"]
[Site "Internet Chess Club"]
[Date "2021.05.02"]
[Round "5"]
[White "CARTER, DAVID E:CARTERD253"]
[Black "JIANG, BRANDON:BranKing"]
[Result "0-1"]
[ICCResult "White resigns"]
[WhiteElo "2119"]
[BlackElo "2061"]
[Opening "King's Indian: Petrosian system"]
[ECO "E92"]
[NIC "KI.17"]
[Time "14:32:43"]
[PlyCount "72"]
[TimeControl "4500+10"]

1. d4 Nf6 2. c4 g6 3. Nc3 Bg7 4. e4 d6 5. Be2 O-O 6. Nf3 e5 7. d5 Na6 8.
O-O Nc5 9. Qc2 a5 10. Bg5 h6 11. Be3 b6 12. Nd2 Nh7 13. b3 f5 14. f3 f4 15.
Bf2 Bf6 16. a3 Bh4 17. Bxh4 Qxh4 18. b4 Nd7 19. Nb5 Qd8 20. Nb3 a4 21. Nc1
Ndf6 22. c5 Ne8 23. Nd3 Nhf6 24. Nf2 bxc5 25. bxc5 Nd7 26. cxd6 cxd6 27.
Rfc1 Nc5 28. Nxd6 Nb3 29. Nxc8 Nxa1 30. Qc6 Nb3 31. Qxg6+ Ng7 32. Rc6 Rxc8
33. Bc4 Na5 34. Ng4 Rxc6 35. dxc6+ Nxc4 36. Nxh6+ Kh8 { White resigns } 0-1

[Event "ICC tourney 2548 (75 10)"]
[Site "Internet Chess Club"]
[Date "2021.05.02"]
[Round "5"]
[White "CHEN, RYO WENYU:e4f5"]
[Black "QUIRKE, JEFFREY L:PawnEatingZombi"]
[Result "1-0"]
[ICCResult "Black resigns"]
[WhiteElo "2295"]
[BlackElo "2185"]
[Opening "Caro-Kann: classical, Spassky variation"]
[ECO "B19"]
[NIC "CK.12"]
[Time "14:32:20"]
[PlyCount "71"]
[TimeControl "4500+10"]

1. e4 c6 2. d4 d5 3. Nd2 dxe4 4. Nxe4 Bf5 5. Ng3 Bg6 6. h4 h6 7. Nf3 Nd7 8.
h5 Bh7 9. Bd3 Bxd3 10. Qxd3 e6 11. Bd2 Ngf6 12. O-O-O Be7 13. Ne4 Qb6 14.
Nxf6+ Bxf6 15. c4 c5 16. Bc3 cxd4 17. Bxd4 Nc5 18. Qe3 Rc8 19. Bxf6 gxf6
20. Kb1 Kf8 21. Rh4 Kg7 22. Qf4 f5 23. Rd6 Qb4 24. a3 Qa5 25. Qe5+ Kh7 26.
Rd7 Rhf8 27. Ng5+ hxg5 28. h6 Qe1+ 29. Qxe1 gxh4 30. Qe5 Kxh6 31. Qf6+ Kh5
32. Rxf7 Rxf7 33. Qxf7+ Kg5 34. Qg7+ Kf4 35. Qh6+ Kg4 36. b4 { Black
resigns } 1-0

[Event "ICC tourney 2548 (75 10)"]
[Site "Internet Chess Club"]
[Date "2021.05.02"]
[Round "5"]
[White "BROWN, WAYNE B:Plato"]
[Black "KRISHNAKUMAR, SRIRAM:sriramk"]
[Result "1/2-1/2"]
[ICCResult "Game drawn because neither player has mating material"]
[WhiteElo "2025"]
[BlackElo "2149"]
[Opening "Four knights: Scotch, 4...exd4"]
[ECO "C47"]
[NIC "SO.03"]
[Time "14:33:10"]
[PlyCount "139"]
[TimeControl "4500+10"]

1. e4 e5 2. Nf3 Nc6 3. Nc3 Nf6 4. d4 exd4 5. Nxd4 Bb4 6. Nxc6 bxc6 7. Bd3
d5 8. exd5 cxd5 9. O-O O-O 10. Bg5 c6 11. Na4 Bd6 12. c3 h6 13. Bh4 c5 14.
Bc2 Be6 15. Qd3 g5 16. Bg3 Kg7 17. Rfe1 Re8 18. Qa6 Bxg3 19. hxg3 Qc7 20.
Qd3 Bd7 21. Re3 Rxe3 22. Qxe3 d4 23. Qe7 Rc8 24. Rd1 Bg4 25. Qxc7 Rxc7 26.
Re1 Bd7 27. Rd1 Bb5 28. cxd4 cxd4 29. Bb3 Be2 30. Re1 Bb5 31. f3 Nh5 32.
Kf2 Kf6 33. Re4 Re7 34. Nc5 Rxe4 35. Nxe4+ Ke7 36. Bxf7 Nf6 37. Nxf6 Kxf6
38. Bd5 Ke5 39. Be4 Bc4 40. a3 Bb5 41. g4 Bc4 42. g3 Bb5 43. Ke1 Bc4 44.
Kd2 Bb5 45. b3 Ba6 46. a4 Kd6 47. b4 Bc4 48. f4 Be6 49. Bf3 Bd7 50. Bd1 Kd5
51. Kd3 a6 52. Bb3+ Kd6 53. f5 Ke5 54. Bd1 Bc6 55. f6 Kxf6 56. Kxd4 Bd7 57.
Kc5 Ke5 58. b5 axb5 59. axb5 Ke4 60. b6 Bc8 61. Kc6 Ke3 62. Kc7 Ba6 63. b7
Bxb7 64. Kxb7 Kf2 65. Ba4 Kxg3 66. Bd7 Kh4 67. Kc6 h5 68. gxh5 Kxh5 69. Kd5
g4 70. Bxg4+ { Game drawn because neither player has mating material }
1/2-1/2

[Event "ICC tourney 2548 (75 10)"]
[Site "Internet Chess Club"]
[Date "2021.05.02"]
[Round "5"]
[White "HEBDEN, MARK L:mhebden"]
[Black "LUO, TERRY:Terry1234"]
[Result "1-0"]
[ICCResult "Black resigns"]
[WhiteElo "2503"]
[BlackElo "2266"]
[Opening "King's Indian: fianchetto without c4"]
[ECO "A49"]
[NIC "KI.79"]
[Time "14:32:15"]
[PlyCount "153"]
[TimeControl "4500+10"]

1. d4 Nf6 2. Nf3 g6 3. g3 Bg7 4. Bg2 O-O 5. O-O d6 6. c4 c5 7. dxc5 dxc5 8.
Ne5 Nbd7 9. Nd3 Ng4 10. Qb3 Qb6 11. Nc3 e6 12. Rd1 Nge5 13. Na4 Qc7 14. Be3
Nxd3 15. Rxd3 Rb8 16. Rad1 b5 17. cxb5 c4 18. Qc2 Rxb5 19. b3 Ne5 20. R3d2
Bb7 21. Bxb7 Rxb7 22. Nc5 cxb3 23. Nxb3 Qc4 24. Na5 Qxc2 25. Rxc2 Rb5 26.
Rc5 Rb4 27. h3 Ra4 28. Bf4 f6 29. Bxe5 fxe5 30. Rd2 e4 31. Nb3 e3 32. fxe3
Re4 33. Rd3 Bh6 34. Rcc3 Bg7 35. Nd2 Re5 36. Nf3 Rb5 37. Rb3 Rfb8 38. Nd4
Rxb3 39. Rxb3 Rxb3 40. axb3 Kf7 41. Kf2 e5 42. Nc6 e4 43. Nxa7 Bc3 44. Nb5
Bb4 45. Nd4 Bc3 46. g4 Bd2 47. h4 Kf6 48. g5+ Ke5 49. Nc2 Kf5 50. Kg3 Bc3
51. Nd4+ Ke5 52. Nc2 Kf5 53. b4 Be5+ 54. Kh3 Bc7 55. b5 Bb6 56. Na3 Bxe3
57. Nc4 Bf4 58. b6 Ke6 59. b7 Kd5 60. e3 Bc7 61. Nd2 Ke5 62. Kg4 Kd5 63. h5
Ke5 64. hxg6 hxg6 65. Nf1 Kd5 66. Ng3 Kc6 67. Nxe4 Kxb7 68. Nc5+ Kc6 69.
Ne6 Bb6 70. Kf3 Kd5 71. Nf4+ Ke5 72. e4 Bd8 73. Nxg6+ Kd4 74. Nf4 Ke5 75.
Nd3+ Kd4 76. g6 Bf6 77. e5 { Black resigns } 1-0

[Event "ICC tourney 2548 (75 10)"]
[Site "Internet Chess Club"]
[Date "2021.05.02"]
[Round "5"]
[White "DAI, GEORGE JINGCHANG:GeorgeDai"]
[Black "YAN, RUIYANG:jy2020"]
[Result "0-1"]
[ICCResult "White resigns"]
[WhiteElo "2077"]
[BlackElo "2229"]
[Opening "QGD: Ragozin variation"]
[ECO "D38"]
[NIC "NI.27"]
[Time "14:32:17"]
[PlyCount "88"]
[TimeControl "4500+10"]

1. d4 Nf6 2. Nf3 e6 3. c4 d5 4. Nc3 Bb4 5. Qa4+ Nc6 6. Bg5 h6 7. Bxf6 Qxf6
8. e3 O-O 9. Bd3 Bd7 10. Qc2 dxc4 11. Bxc4 e5 12. d5 Ne7 13. O-O Bd6 14.
Rfc1 Qg6 15. Qxg6 Nxg6 16. Bb5 Bf5 17. h3 Ne7 18. Rd1 a6 19. Bd3 Bd7 20.
Rac1 f5 21. e4 f4 22. Bc4 Kh7 23. Bb3 g5 24. Rd3 Kg6 25. Na4 b6 26. Nc3 Kf6
27. Nb1 h5 28. h4 gxh4 29. Nxh4 Rg8 30. Bd1 Rg7 31. Kh2 Rag8 32. g3 Ng6 33.
Ng2 fxg3+ 34. fxg3 h4 35. gxh4 Nf4 36. Nxf4 exf4 37. Bf3 Rh8 38. h5 Bg4 39.
Bxg4 Rxg4 40. Rh3 Rhg8 41. Nc3 f3+ 42. Kh1 f2 43. Ne2 Bc5 44. Rxc5 Rg1+ {
White resigns } 0-1

[Event "ICC tourney 2548 (75 10)"]
[Site "Internet Chess Club"]
[Date "2021.05.02"]
[Round "5"]
[White "AHMED, SYED IBRAHIM:mr-sosa"]
[Black "MAITI, MILIND:milindm"]
[Result "0-1"]
[ICCResult "White resigns"]
[WhiteElo "2086"]
[BlackElo "2247"]
[Opening "QGD Slav defense: exchange variation"]
[ECO "D10"]
[NIC "SL.01"]
[Time "14:32:17"]
[PlyCount "62"]
[TimeControl "4500+10"]

1. d4 d5 2. c4 c6 3. cxd5 cxd5 4. Bf4 Bf5 5. Nc3 Nf6 6. e3 Nc6 7. Bb5 e6 8.
Nf3 Bd6 9. Ne5 Bxe5 10. Bxe5 O-O 11. Bxc6 bxc6 12. O-O Nd7 13. Bd6 Re8 14.
f3 e5 15. e4 dxe4 16. fxe4 Bg6 17. dxe5 Qb6+ 18. Kh1 Nxe5 19. Qe2 Re6 20.
Rad1 Nd7 21. Qc4 Rae8 22. b4 Qb7 23. h3 Nb6 24. Qd4 Bxe4 25. Be5 Bxg2+ 26.
Kxg2 c5+ 27. Qe4 Qxe4+ 28. Nxe4 Rxe5 29. Nxc5 Nd5 30. Nd7 Ne3+ 31. Kg1 R5e7
{ White resigns } 0-1

[Event "ICC tourney 2548 (75 10)"]
[Site "Internet Chess Club"]
[Date "2021.05.02"]
[Round "5"]
[White "PACIORKOWSKI, LEV:paciorkowski"]
[Black "MYSORE, ABHINAV NAVEEN:Mapking1"]
[Result "1/2-1/2"]
[ICCResult "Game drawn by mutual agreement"]
[WhiteElo "2482"]
[BlackElo "2011"]
[Opening "Sicilian"]
[ECO "B50"]
[NIC "SI.01"]
[Time "14:32:35"]
[PlyCount "80"]
[TimeControl "4500+10"]

1. Nf3 c5 2. e4 d6 3. c3 Nf6 4. Be2 Bd7 5. e5 dxe5 6. Nxe5 Nc6 7. Nxd7 Qxd7
8. O-O e6 9. Na3 Be7 10. d3 a6 11. Nc4 Qc7 12. a4 Na5 13. Nxa5 Qxa5 14. Bf3
Qc7 15. a5 O-O 16. Qa4 Bd6 17. g3 Rab8 18. Qc4 h6 19. Rd1 Rfd8 20. d4 cxd4
21. Rxd4 Qe7 22. Rd1 Re8 23. Be3 e5 24. Bd5 Nxd5 25. Rxd5 Rec8 26. Qe4 Rc6
27. Rad1 Rbc8 28. Bb6 Qe6 29. Qe3 Qe7 30. Qe2 Qe6 31. c4 f5 32. c5 Bxc5 33.
Rxe5 Qf6 34. Bxc5 Rxc5 35. Re6 Rc2 36. Qxc2 Qxe6 37. Qd3 Qe4 38. Qxe4 fxe4
39. Rd4 Rc1+ 40. Kg2 Rc2 { Game drawn by mutual agreement } 1/2-1/2